[Event "Presidents Day GM-Norm 2024"]
[Site "Santa Clara"]
[Date "2024.02.16"]
[Round "1.1"]
[White "Deng, Henry"]
[Black "Sathish, Pranav"]
[Result "1/2-1/2"]
[ECO "C50"]
[WhiteElo "2281"]
[BlackElo "2357"]
[Annotator "TA"]
[PlyCount "62"]
[EventDate "2024.02.13"]
[EventType "tourn"]
[EventCountry "USA"]
[SourceTitle "playchess.com"]
[Source "ChessBase"]
[SourceQuality "1"]
[TimeControl "5400+30"]

1. e4 e5 2. Nf3 Nc6 3. Bc4 Bc5 4. Nc3 Nf6 5. d3 h6 6. a3 a6 7. Be3 d6 8. O-O O-O 9. Bxc5 dxc5 10. Nd5 Be6 11. Ne3 Re8 12. Bxe6 Rxe6 13. g3 g6 14. Kg2 Qd7 15. Nd2 Nd4 16. f4 exf4 17. gxf4 Rd8 18. Kh1 Qc6 (18... Nxc2 $11 19. Qxc2 Qxd3) 19. f5 (19. c3 Nf5 20. Nxf5 gxf5 $19) (19. Rg1 $14) 19... Nxf5 20. Nxf5 gxf5 21. Rxf5 {[%emt 0:00:28] Qf3 is the strong threat.} Nxe4 $1 22. Nxe4 Rxe4 {[%emt 0:00:00][%cal Re4e1] [#]} 23. Qf3 Re6 24. Rg1+ Kh8 $1 25. Qxc6 Rxc6 26. Rxf7 Rg8 {[%emt 0:00:00] Prevents Rgg7.} 27. Rxg8+ Kxg8 $11 {[%emt 0:00:00] KR-KR. The position is equal.} 28. Rd7 c4 29. d4 Rd6 30. Rxc7 Rxd4 31. Rxb7 Rd1+ {[%emt 0:00:00] A balanced but interesting game.   Weighted Error Value: White=0.08 (flawless) /Black=0.08 (flawless) .  Mistake:       	White=1     	Black=1      Inaccurate:     	---       	Black=1      OK:         	White=6     	Black=9      Best:        	White=1     	---        Strong:       	---       	Black=2} 1/2-1/2

[Event "Presidents Day GM-Norm 2024"]
[Site "Santa Clara"]
[Date "2024.02.16"]
[Round "1.2"]
[White "Stearman, Josiah"]
[Black "Wang, Isaac"]
[Result "1-0"]
[ECO "B42"]
[WhiteElo "2455"]
[BlackElo "2316"]
[Annotator "TA"]
[PlyCount "85"]
[EventDate "2024.02.13"]
[EventType "tourn"]
[EventCountry "USA"]
[SourceTitle "playchess.com"]
[Source "ChessBase"]
[SourceQuality "1"]
[TimeControl "5400+30"]

1. e4 c5 2. Nf3 e6 3. d4 cxd4 4. Nxd4 a6 5. Bd3 Bc5 6. Nb3 Ba7 7. Qe2 d6 8. Be3 Bxe3 9. Qxe3 Nc6 10. N1d2 {[%emt 0:04:48] White is slightly better.} Nge7 11. c3 O-O 12. O-O e5 13. Rfd1 Be6 14. Nc4 b5 15. Nb6 Rb8 16. Nd5 Ng6 17. Bc2 Nce7 18. a4 (18. Nxe7+ $11 Qxe7 19. g3) 18... Nxd5 (18... bxa4 $1 $15 19. Rxa4 Nf4) 19. exd5 $14 Bd7 20. axb5 Bxb5 21. Bxg6 fxg6 22. Na5 {[%emt 0:01:53] White is more active.} Qb6 23. Qxb6 Rxb6 24. c4 Bd7 25. b3 g5 26. Rd2 h5 27. Kf1 Kh7 28. Ke2 g4 29. Kd3 Bf5+ (29... h4 $11 {remains equal.}) 30. Kc3 $16 Be4 31. Rg1 h4 32. Re2 Bg6 33. b4 Rf4 34. Nb3 (34. Ra1 $16) 34... Rb7 ({Black should play} 34... Rf8 $1 $11) 35. Nd2 Rd4 36. Re3 {[%emt 0:00:37] Prevents Rd3+.} Rc7 37. Ra1 Rxd5 38. Rxa6 Rd4 39. b5 Bf7 $2 {[%emt 0:03:31] [#] A mistake that costs the game.} (39... Rc8 $16) 40. Rc6 $1 $18 Ra7 (40... Rd7 $142 41. b6 Bg6) 41. b6 ({Weaker is} 41. Ra6 Rb7 42. g3 Rxd2 43. Kxd2 Bxc4 44. Rxd6 (44. gxh4 Rxb5 45. Rxd6 Bf7 $18) 44... hxg3 45. Rxg3 Bxb5 46. Rxg4 Re7 $18) 41... Be8 (41... Rd7 $142 42. Rc7 Rxc7 43. bxc7 Be6) 42. Rc8 Re7 43. Rc7 {[%emt 0:04:26] Weighted Error Value: White=0.13 (very precise) /Black=0.36.  Loses game:     	---       	Black=1      Mistake:       	White=2     	Black=5      Inaccurate:     	White=4     	Black=3      OK:         	White=10    	Black=8      Best:        	White=6     	---        Strong:       	White=1     	---} 1-0

[Event "Presidents Day GM-Norm 2024"]
[Site "Santa Clara"]
[Date "2024.02.16"]
[Round "1.3"]
[White "Budisavljevic, Luka"]
[Black "Atwell, Rose"]
[Result "1-0"]
[ECO "D10"]
[WhiteElo "2475"]
[BlackElo "2104"]
[Annotator "TA"]
[PlyCount "65"]
[EventDate "2024.02.13"]
[EventType "tourn"]
[EventCountry "USA"]
[SourceTitle "playchess.com"]
[Source "ChessBase"]
[SourceQuality "1"]
[TimeControl "5400+30"]

1. d4 d5 2. c4 c6 3. e3 Bf5 4. Nc3 e6 5. Qb3 Qb6 6. c5 Qc7 7. e4 dxe4 {[%emt 0:04:14] Hoping for ...e5.} 8. Bf4 {[%emt 0:00:39] Black has an edge.} Qc8 9. g4 Bg6 10. h4 h5 (10... h6 $1 $11 {was preferrable.}) 11. g5 $14 Nd7 12. Bg2 $1 {[%emt 0:07:42] White is much more active.} e5 {[%emt 0:10:54] [#]} 13. Bxe5 (13. Bxe4 $1 $16 Bxe4 14. Nxe4 exf4 15. O-O-O) 13... Nxe5 $11 14. dxe5 Bxc5 15. Nxe4 ({Much weaker is} 15. Bxe4 Ne7 16. Bxg6 Nxg6 $17) 15... Bxe4 16. Bxe4 {[%emt 0:00:02] Black must now prevent 0-0-0.} Qg4 17. Qf3 Qe6 ({Black should try} 17... Bb4+ $15 18. Kf1 Rd8) 18. O-O-O $14 Ne7 $1 $132 {[%emt 0:03:00][%mdl 2048] Black puts up resistance} 19. Kb1 Qxe5 20. Nh3 (20. g6 $5 Nxg6 (20... fxg6 21. Nh3 $16) 21. Bxc6+ Kf8 (21... bxc6 $2 {is the wrong capture.} 22. Qxc6+ Kf8 23. Qxa8+ Ke7 24. Qb7+ Kf6 25. Qc6+ Qe6 26. Qxc5 $18) 22. Bd5 $11) 20... Bb4 {[%emt 0:06:51] Prevents Rhe1. Black cannot hold the game after this.} (20... Bd4 $1 $11) 21. a3 {[%emt 0:07:01][%mdl 1024] White has strong compensation.} Ba5 (21... Bd6 $16) 22. b4 $18 {[%emt 0:00:26][%cal Oh1e1] aiming for Rhe1!} Bc7 $2 (22... Rd8) 23. Rhe1 {[%emt 0:00:28] White is clearly winning.} Qb5 24. g6 O-O 25. Ng5 fxg6 26. Qb3+ Kh8 27. Nf7+ Kh7 28. Bd3 Qd5 {[%emt 0:00:44] [#]} 29. Bxg6+ $1 Kxg6 (29... Nxg6 30. Rxd5) 30. Rxd5 Nxd5 {[%emt 0:00:21] [#]} 31. Qf3 $1 {[%emt 0:05:07] Threatening mate with Qe4+.} Nf4 {[%emt 0:03:19] [#]} (31... Nc3+ 32. Qxc3) 32. Re7 $1 {[%emt 0:00:43] White threatens Qe4+ and mate.} Rxf7 33. Qg3+ {[%emt 0:00:13] Weighted Error Value: White=0.11 (very precise) /Black=0.61.  Loses game:     	---       	Black=1      Mistake:       	White=1     	Black=4      Inaccurate:     	White=1     	Black=2      OK:         	White=7     	Black=5      Best:        	White=3     	Black=1      Strong:       	White=1     	Black=1} 1-0

[Event "Presidents Day GM-Norm 2024"]
[Site "Santa Clara"]
[Date "2024.02.16"]
[Round "1.4"]
[White "Harsha Bharathakoti"]
[Black "Atanasov, Anthony"]
[Result "1-0"]
[ECO "D35"]
[WhiteElo "2565"]
[BlackElo "2384"]
[Annotator "TA RC"]
[PlyCount "115"]
[EventDate "2024.02.13"]
[EventType "tourn"]
[EventCountry "USA"]
[SourceTitle "playchess.com"]
[Source "ChessBase"]
[SourceQuality "1"]
[TimeControl "5400+30"]

1. d4 d5 2. c4 e6 3. Nf3 Nf6 4. Nc3 Be7 5. cxd5 exd5 6. Bf4 c6 {[%emt 0:01:40] 6...c6 is better than 6...0-0.} 7. h3 {[%emt 1:22:52] D35: Queen's Gambit Declined: Exchange Variation.} Bf5 8. g4 Bg6 9. Ne5 Qb6 $146 ({Predecessor:} 9... Nbd7 10. Nxg6 hxg6 11. Bg2 Nb6 12. Qb3 Bd6 13. Bg5 Qd7 14. Bxf6 gxf6 15. a4 Rb8 {½-½ Lima Filho,G-Amancio,A Fortaleza Alves Memorial 15th 2011 (4)}) 10. Bc1 Bb4 11. Nxg6 hxg6 12. Bg2 Ne4 13. Qd3 f5 14. gxf5 gxf5 15. f3 Nd6 16. Bf4 O-O 17. a3 Bxc3+ 18. bxc3 Qd8 19. h4 Nc4 20. Kf2 Nd7 21. h5 Qe7 22. Rag1 Nf6 {[%emt 0:01:03] [#]} 23. Bf1 $2 (23. Qxf5 $2 Rae8 (23... Nxa3 $2 24. h6 $18) (23... Ne4+ 24. fxe4 Rxf5 25. exf5 $17) 24. Qd3 Ng4+ (24... Qxa3 25. h6 $16) 25. fxg4 Qg5 $19 (25... Rxf4+ 26. Bf3 $17)) (23. e3 $1 $18) 23... Ne4+ $1 $11 24. Kg2 (24. fxe4 $2 fxe4 25. Qg3 Rxf4+ 26. Qxf4 Rf8 $19 (26... Nxa3 $2 27. Bh3 $18)) 24... Ng5 $1 25. Rh2 Ne6 (25... Nxa3 $2 26. h6 (26. Kh1 Ne6 $18) 26... g6 27. Kh1 $18) 26. Bc1 Rf6 ({Don't play} 26... Nxa3 27. Kh1 Nb5 28. h6 $14 (28. e4 fxe4 29. fxe4 Nd6 $11)) 27. Kh1 Raf8 28. a4 Qc7 (28... Qf7 $11) 29. Qd1 (29. e4 $1 $14 fxe4 30. fxe4) 29... b5 30. axb5 cxb5 31. Qe1 Kf7 $2 (31... R8f7 $11) 32. e4 fxe4 33. fxe4 dxe4 34. Qxe4 Nd6 {[%emt 0:00:08] [#]} 35. Qg4 (35. Qe5 $1 $18 {is the precise move to win.} Rf5 36. Qe1) 35... Ke8 $2 (35... Kg8 $16) 36. Re2 $18 Qc6+ 37. Bg2 Qc4 38. Rge1 Kf7 39. Re5 Re8 40. Bd5 Rf1+ 41. Kg2 Rxe1 42. Qf3+ Kg8 43. Rxe1 Qc8 44. Qg4 Qxc3 45. Rxe6 Kh8 46. Rxe8+ Nxe8 47. Bg5 (47. Qg6 $142 Qe1 48. h6 Qe2+ 49. Kh3 Qf1+ 50. Bg2 Qf8 51. hxg7+ Qxg7 52. Qxe8+ Qg8 53. Qe5+ (53. Qxb5 Qh7+ 54. Kg3 Qg7+ 55. Qg5 Kh7 56. Be4+ Kg8 57. d5 Kf8 58. Qxg7+ Kxg7) 53... Qg7 54. Bb2 (54. Qxb5 Qf6 55. Qb8+ Kg7 56. Qxa7+ Qf7)) 47... Qc2+ $18 48. Kh3 Nd6 49. h6 Qf5 50. hxg7+ Kxg7 51. Bf4+ Qxg4+ 52. Kxg4 Nc8 53. Kf5 a5 54. Ke6 b4 55. Bb3 Nb6 56. Bc7 a4 57. Bxb6 axb3 58. d5 1-0

[Event "Presidents Day GM-Norm 2024"]
[Site "Santa Clara"]
[Date "2024.02.16"]
[Round "2.1"]
[White "Sathish, Pranav"]
[Black "Delgado Ramirez, Neuris"]
[Result "0-1"]
[ECO "A41"]
[WhiteElo "2357"]
[BlackElo "2517"]
[Annotator "RC"]
[PlyCount "90"]
[EventDate "2024.02.13"]
[EventType "tourn"]
[EventCountry "USA"]
[SourceTitle "playchess.com"]
[Source "ChessBase"]
[SourceQuality "1"]
[TimeControl "5400+30"]

1. e4 d6 2. d4 Nf6 3. Nc3 c6 4. Nf3 Bg4 5. h3 Bh5 6. g4 Bg6 7. Qe2 e6 8. Bg2 Be7 9. h4 h5 10. g5 Nfd7 11. d5 exd5 12. exd5 O-O 13. dxc6 Nxc6 14. Be3 Rc8 15. O-O Re8 16. Nd5 Bf8 17. Nf4 Bf5 18. g6 fxg6 19. Ng5 Nce5 20. Bd5+ Kh8 21. Bf7 Bg4 22. f3 Bf5 23. Bxg6 Nxg6 24. Nf7+ Kh7 25. Nxd8 Nxf4 26. Qb5 Re5 27. Qxb7 Nh3+ 28. Kh1 Rxd8 29. Bd4 Ree8 30. Qd5 Bg6 31. Rae1 Rc8 32. c3 Nf4 33. Qb7 Nc5 34. Qxa7 Ne2 35. Kg2 Nd3 36. Be3 Ra8 37. Qb6 Rab8 38. Qxb8 Nxe1+ 39. Rxe1 Rxb8 40. Rxe2 Be7 41. Bf2 Bf6 42. a4 Ra8 43. Re6 Ra6 44. a5 Bf7 45. Rxf6 gxf6 0-1

[Event "Presidents Day GM-Norm 2024"]
[Site "Santa Clara"]
[Date "2024.02.16"]
[Round "2.2"]
[White "Atanasov, Anthony"]
[Black "Jiang, Lucas"]
[Result "1-0"]
[ECO "D02"]
[WhiteElo "2384"]
[BlackElo "2258"]
[Annotator "TA"]
[PlyCount "53"]
[EventDate "2024.02.13"]
[EventType "tourn"]
[EventCountry "USA"]
[SourceTitle "playchess.com"]
[Source "ChessBase"]
[SourceQuality "1"]
[TimeControl "5400+30"]

1. d4 d5 2. Nf3 Nf6 3. Bf4 g6 4. e3 Bg7 5. Nbd2 O-O 6. c3 c5 7. Be2 Nc6 8. dxc5 Re8 {[%emt 0:16:33] The position is equal.} 9. O-O e5 10. Bg3 a5 11. Bb5 Nd7 12. Bh4 Qc7 13. e4 Na7 14. Ba4 Qxc5 15. exd5 {[%emt 0:10:32] Ne4 would now be deadly.} b5 16. Ne4 Qb6 {[%emt 0:01:04] [#]} 17. Bc2 $36 {[%emt 0:02:55][%mdl 2048] White is really pushing.} Bb7 18. Bg5 Nc8 (18... f5 $142) 19. Be3 Qc7 20. a4 {[%emt 0:08:48][%cal Ba2a4,Ba4b5][%mdl 32] White is more active.} Nd6 (20... Ncb6 $142) 21. Nxd6 Qxd6 22. axb5 Nb6 23. Ng5 {[%emt 0:04:35] And now Ne4 would win.} Qd8 $2 (23... Nc4 24. Qf3 f5) 24. Qf3 $18 f6 {[%emt 0:05:13] [#]} (24... Bf6 $142 25. Ne4 Bg7) 25. Bb3 $1 {[%emt 0:02:07] Hoping for d6+. White is clearly winning.} a4 (25... Nxd5 26. Rfd1) 26. d6+ axb3 27. Qxb7 {[%emt 0:00:04] Weighted Error Value: White=0.07 (flawless) /Black=0.55.  Mistake:       	---       	Black=4      Inaccurate:     	---       	Black=4      OK:         	White=11    	Black=5      Best:        	---       	Black=1} 1-0

[Event "Presidents Day GM-Norm 2024"]
[Site "Santa Clara"]
[Date "2024.02.16"]
[Round "2.3"]
[White "Atwell, Rose"]
[Black "Harsha Bharathakoti"]
[Result "0-1"]
[ECO "B30"]
[WhiteElo "2104"]
[BlackElo "2565"]
[Annotator "TA"]
[PlyCount "104"]
[EventDate "2024.02.13"]
[EventType "tourn"]
[EventCountry "USA"]
[SourceTitle "playchess.com"]
[Source "ChessBase"]
[SourceQuality "1"]
[TimeControl "5400+30"]

1. e4 c5 2. Nf3 Nc6 3. Bb5 e6 4. O-O Nge7 5. Re1 Nd4 6. Bf1 Nxf3+ 7. Qxf3 Ng6 8. c3 {[%emt 0:06:32] White has an edge.} Be7 9. d4 O-O 10. dxc5 Bxc5 11. Be3 Be7 12. g3 b6 13. Nd2 Bb7 14. Qd1 d5 15. Bg2 dxe4 16. Nxe4 Qc7 17. f4 Rad8 18. Qe2 Bd5 19. h4 f5 20. Ng5 Bxg5 21. hxg5 e5 {[%emt 0:02:59] Wards off Bd4} 22. Bxd5+ Rxd5 23. Qf3 e4 24. Qe2 Rfd8 25. Kg2 (25. Red1 $11) 25... Nf8 ({Better is} 25... Qd7 $15) 26. Rh1 (26. Rad1 $11 {remains equal.}) 26... Rd3 27. Rad1 Qc4 28. a3 b5 (28... Qb3 $17 29. Rxd3 exd3) 29. Rxd3 $11 exd3 30. Qf2 {[%emt 0:02:52][%cal Oh1d1] White is weak on the light squares} Qb3 31. Qd2 Qd5+ 32. Kh2 h6 33. Re1 $2 ({White should play} 33. gxh6 $11 Rd6 (33... gxh6 34. Bd4 $16) 34. Kg1 gxh6 (34... Rxh6 35. Rxh6 gxh6 36. Bxa7 $11) 35. Bd4) 33... hxg5 $17 34. fxg5 Ne6 35. Bxa7 $2 (35. g6 $17 {is a better chance.}) 35... Kf7 (35... Nxg5 $142 {( -> ...Nf3+)} 36. Qxg5 Rd6 37. Re8+ Kh7) 36. Kg1 $19 Kg6 $1 37. Be3 Qf3 38. Qh2 Qg4 $40 {[%emt 0:01:32][%cal Of5f4][%mdl 128] ...f4! would now be deadly. Black attacks with force.} (38... Nxg5 $2 {loses.} 39. Bxg5 $18) 39. Qh4 {[%emt 0:01:14] [#]} Qxh4 (39... Nxg5 $2 {perishes.} 40. Bxg5 Qxg5 41. Re6+ $18) 40. gxh4 $17 {[%emt 0:00:02][%mdl 4096] Endgame. [#] KRB-KRN} f4 $1 {[%emt 0:00:16] Black is more active.} 41. Bd2 Kf5 {[%emt 0:00:08] And now ...Rh8 would win.} 42. c4 $2 {[%emt 0:01:18][%mdl 8192] Now White is beyond hope.} (42. Kg2 $17) 42... bxc4 43. Bc3 Rd5 ({Not} 43... d2 44. Rd1 Nd4 45. Kg2 $19) 44. Kf2 $2 (44. Kf1) 44... Nc5 $19 45. Bxg7 Ne4+ 46. Kf3 d2 {[%emt 0:00:08] Black mates.} 47. Rd1 Rd3+ 48. Ke2 f3+ 49. Kf1 f2 50. Ke2 Kf4 51. Bd4 Rxd4 52. g6 Rd3 {[%emt 0:00:06] Weighted Error Value: White=0.55/Black=0.20 (precise) .  Loses game:     	White=2     	---        Mistake:       	White=4     	Black=3      Inaccurate:     	White=3     	Black=1      OK:         	White=12    	Black=19     Best:        	White=4     	Black=2      Strong:       	---       	Black=1} 0-1

[Event "Presidents Day GM-Norm 2024"]
[Site "Santa Clara"]
[Date "2024.02.16"]
[Round "2.4"]
[White "Wang, Isaac"]
[Black "Budisavljevic, Luka"]
[Result "1/2-1/2"]
[ECO "E15"]
[WhiteElo "2316"]
[BlackElo "2475"]
[Annotator "TA"]
[PlyCount "66"]
[EventDate "2024.02.13"]
[EventType "tourn"]
[EventCountry "USA"]
[SourceTitle "playchess.com"]
[Source "ChessBase"]
[SourceQuality "1"]
[TimeControl "5400+30"]

1. d4 Nf6 2. c4 e6 3. Nf3 b6 4. g3 Ba6 5. Qc2 c5 {[%emt 0:00:14] [#]} 6. d5 $1 {[%emt 0:00:13] Prevents Nc6.} exd5 7. cxd5 g6 8. Bg2 d6 9. O-O Bg7 10. Nc3 O-O 11. Re1 b5 12. e4 b4 13. Ne2 Nbd7 14. a3 $1 b3 15. Qxb3 Nxe4 16. Qa4 Bxe2 (16... Bd3 $6 17. Nf4 Nxf2 (17... Nb6 18. Qd1 $16) 18. Kxf2 $16) 17. Rxe2 f5 18. Bf4 Rb8 19. Rae1 Bxb2 {[%emt 0:08:18] ...Nc3 is the strong threat.} 20. Qxa7 Qc8 {[%emt 0:00:34] ...Ra8 would now be deadly.} 21. Nd2 $2 ({White must play} 21. Qa4 $1 $15) 21... Nxd2 $19 (21... Ra8 22. Qxa8 Qxa8 23. Nxe4 $17) 22. Bxd6 Ra8 23. Qc7 Qxc7 24. Bxc7 {[%emt 0:00:05] [#] A strong pair of Bishops.} Bd4 $2 25. Rxd2 $11 Bc3 $1 (25... Rxa3 $2 26. d6 $18) 26. Re7 Bxd2 27. Rxd7 Rae8 28. d6 Re1+ 29. Bf1 f4 30. Re7 {[%emt 0:03:00] Threatens to win with Rxe1.} Rd1 (30... fxg3 $11 31. hxg3 Rxe7 32. dxe7 Re8) 31. d7 $14 {[%emt 0:04:10] White is more active.} fxg3 $2 {[%emt 0:04:42] [#]} (31... Bc3 $16) 32. hxg3 $2 (32. d8=R Rxd8 (32... gxf2+ 33. Kg2 $18) 33. Bxd8 gxh2+ 34. Kxh2 Rxf1 $11) (32. Kg2 $1 $18 {White wants to mate with Bc4+.} Rxf2+ 33. Kxg3 Bf4+ 34. Bxf4 (34. Kxf2 Bxc7 35. Bb5 Rd4 $16) 34... Rfxf1 35. Re8+ Kf7 36. d8=Q (36. d8=R Rg1+ 37. Kh4 Rxd8 $18) 36... Rxd8 37. Rxd8) 32... Bg5 33. d8=Q {[%emt 0:02:17] Some like it hot} ({Worse is} 33. d8=B Bxe7 (33... Rdxd8 34. Bxd8 Rxd8 35. Ra7 $14) 34. Bxe7 Re8 $17) 33... Rfxd8 {[%emt 0:00:35] Weighted Error Value: White=0.26 (precise) /Black=0.31.  Loses game:     	White=1     	Black=1      Missed win:     	White=1     	Black=1      Mistake:       	---       	Black=1      Inaccurate:     	White=2     	Black=1      OK:         	White=10    	Black=14     Best:        	White=4     	Black=3      Strong:       	White=1     	Black=1} 1/2-1/2

[Event "Presidents Day GM-Norm 2024"]
[Site "Santa Clara"]
[Date "2024.02.16"]
[Round "2.5"]
[White "Deng, Henry"]
[Black "Stearman, Josiah"]
[Result "1/2-1/2"]
[ECO "B23"]
[WhiteElo "2281"]
[BlackElo "2455"]
[Annotator "RC"]
[PlyCount "97"]
[EventDate "2024.02.13"]
[EventType "tourn"]
[EventCountry "USA"]
[SourceTitle "playchess.com"]
[Source "ChessBase"]
[SourceQuality "1"]
[TimeControl "5400+30"]

1. e4 c5 2. Nc3 Nc6 3. Bb5 Nd4 4. Nf3 a6 5. Bd3 g6 6. O-O Bg7 7. Re1 Nf6 8. e5 Nh5 9. Be4 O-O 10. d3 d6 11. exd6 Qxd6 12. Nxd4 cxd4 13. Nb1 f5 14. Bf3 e5 15. Nd2 Qc7 16. Nb3 Nf6 17. Bd2 e4 18. Be2 Nd5 19. Bf1 e3 20. fxe3 dxe3 21. Qf3 exd2 22. Qxd5+ Kh8 23. Nxd2 Bd7 24. c3 Rae8 25. d4 Bc6 26. Qc5 Qd8 27. Nc4 f4 28. Ne5 f3 29. Nxf3 Bxf3 30. gxf3 Bh6 31. Bg2 Bf4 32. d5 Qh4 33. Kf1 Qxh2 34. Re4 Bg3 35. Rxe8 Rxe8 36. Qg1 Qh4 37. Qd4+ Qxd4 38. cxd4 Re3 39. Rd1 Kg7 40. d6 Bxd6 41. Kf2 Bf4 42. d5 Re7 43. Bh3 Bd6 44. Rc1 h5 45. Be6 Kf6 46. Rc8 h4 47. Kg2 Kg5 48. Rc4 Bf4 49. Kh3 1/2-1/2

[Event "Presidents Day GM-Norm 2024"]
[Site "Santa Clara"]
[Date "2024.02.17"]
[Round "3.1"]
[White "Stearman, Josiah"]
[Black "Sathish, Pranav"]
[Result "1/2-1/2"]
[ECO "C65"]
[WhiteElo "2455"]
[BlackElo "2357"]
[Annotator "TA"]
[PlyCount "88"]
[EventDate "2024.02.13"]
[EventType "tourn"]
[EventCountry "USA"]
[SourceTitle "playchess.com"]
[Source "ChessBase"]
[SourceQuality "1"]
[TimeControl "5400+30"]

1. e4 e5 2. Nf3 Nc6 3. Bb5 Nf6 4. d3 Bc5 5. Bxc6 dxc6 6. O-O {[%emt 0:00:49] C65: Ruy Lopez: Berlin Defence (3...Nf6), unusual lines and 4 0-0 Bc5.} Qe7 7. Nbd2 Bg4 8. h3 Bh5 9. a3 $1 {[%emt 0:00:06] The main line 9.a3 scores better than 9.Nc4.} Nd7 10. b4 Bd6 11. Nc4 f6 12. Na5 Rb8 13. Nc4 $146 ({Predecessor:} 13. Be3 c5 14. Nc4 O-O 15. Nxd6 cxd6 16. c4 Bxf3 17. Qxf3 b5 18. cxb5 Rxb5 19. Rfc1 {1-0 Kollars,D (2618)-Schitco,I (2507) Brasov GP RO 2023 (6)}) 13... O-O 14. Ne3 Rbd8 15. Nf5 Qf7 $2 (15... Qe8 $11) 16. Ng3 $2 (16. Bh6 $1 $18 ) 16... Bg6 $11 17. Nh4 c5 18. Qg4 Rfe8 19. Be3 b6 20. Ngf5 Kh8 21. Nxg6+ Qxg6 22. Qe2 Bf8 23. b5 Qf7 24. Bd2 g6 25. Ne3 $1 Bg7 26. f4 (26. a4 $14 {was preferrable.}) 26... exf4 $11 27. Rxf4 (27. Nd5 $2 Qxd5 28. Bxf4 Qd4+ 29. Kh1 Ne5 $19) 27... Nf8 28. Rf2 Ne6 29. Raf1 Nd4 30. Qd1 Nxb5 31. Ng4 f5 $1 32. exf5 Bd4 (32... Nxa3 33. Bg5 Rd4 (33... Rd5 $2 34. fxg6 Qxg6 35. Bf6 $18) 34. fxg6 (34. f6 Bf8 $18) 34... Qxg6 35. Bf6 $18) 33. Nh6 (33. a4 $5 Bxf2+ 34. Rxf2 $11) 33... Qg7 34. Kh1 Bxf2 35. Rxf2 gxf5 (35... Nxa3 $2 36. f6 Qd7 37. f7 $18) ({Black should play} 35... Rd6 $11) 36. Nxf5 $14 Qg6 $1 37. Qa1+ ({Better is} 37. Qf1 $1 $14 Rd7 (37... Nxa3 $2 {loses.} 38. Qa1+ $18) (37... Nd4 $2 38. Nh6 $18) 38. Nh6) 37... Nd4 $11 38. Bc3 (38. Qf1 $11) 38... Rf8 (38... Kg8 $1 $15 39. Rf4 h5 (39... Nxf5 40. Rg4 $11) 40. Bxd4 cxd4) 39. Nxd4 cxd4 (39... Rxf2 $2 {perishes.} 40. Nf5+ Kg8 41. Ne7+ Kf8 42. Nxg6+ $18) 40. Bxd4+ Kg8 41. Qa2+ $1 Rf7 42. Qc4 c5 43. Rf6 Qh5 44. Bc3 Qd5 1/2-1/2

[Event "Presidents Day GM-Norm 2024"]
[Site "Santa Clara"]
[Date "2024.02.17"]
[Round "3.2"]
[White "Budisavljevic, Luka"]
[Black "Deng, Henry"]
[Result "1-0"]
[ECO "D12"]
[WhiteElo "2475"]
[BlackElo "2281"]
[Annotator "TA"]
[PlyCount "113"]
[EventDate "2024.02.13"]
[EventType "tourn"]
[EventCountry "USA"]
[SourceTitle "playchess.com"]
[Source "ChessBase"]
[SourceQuality "1"]
[TimeControl "5400+30"]

1. d4 d5 2. c4 c6 3. e3 Nf6 4. Nf3 Bf5 5. Nc3 e6 6. Nh4 Bg6 7. Qb3 Qc7 8. Nxg6 hxg6 9. g3 {[%emt 0:00:09] White has an edge.} Nbd7 10. cxd5 exd5 11. Bd2 Be7 12. Bd3 a5 13. Rc1 Qb6 14. f3 Qxb3 15. axb3 O-O 16. Kf2 Nb6 17. Ra1 Bb4 18. Bc2 Rfe8 19. g4 Nfd7 20. h4 Nf8 21. h5 gxh5 22. gxh5 Ne6 23. Rh4 Be7 24. Rg4 Nd7 25. Rh1 Nf6 26. Rg2 Bb4 {[%emt 0:03:22] [#]} (26... c5 $11 {keeps the balance.}) 27. f4 $1 $16 c5 {[%emt 0:07:07] A mistake that costs the game.} (27... Kh8 $16) 28. f5 $18 cxd4 29. fxe6 dxc3 30. exf7+ Kxf7 31. bxc3 ({Don't do} 31. Bxc3 $6 Bxc3 32. Bg6+ (32. bxc3 Re5 $11) 32... Ke6 33. Bxe8 (33. bxc3 Rec8 $11) 33... Bxb2 $16) 31... Bc5 32. Bg6+ Kf8 33. Bxe8 Rxe8 34. Ke2 Kf7 35. Kd3 Bf8 36. Rg5 Ne4 37. Rf1+ ({Not} 37. Rxd5 Nf2+ 38. Ke2 Nxh1 $11) 37... Ke6 38. Rg6+ Nf6 {[%emt 0:00:36] [#]} 39. h6 $1 {[%emt 0:01:52][%cal Of1f6] Hoping for Rfxf6+!} Kf7 40. h7 {[%emt 0:00:35][%cal Og6f6] And now Rgxf6+! would win.} Be7 41. Rg5 Rh8 42. Rxd5 b6 43. Rh5 Kg6 44. Re5 Rd8+ 45. Kc2 Bd6 46. Re6 Kxh7 47. e4 Bc5 48. Bg5 Re8 49. Rxe8 Nxe8 {[%emt 0:00:06][%mdl 4096] Endgame. KRB-KBN} 50. Kd3 Nc7 51. Be3 Ne6 52. e5 {[%emt 0:00:38] Bxc5 is the strong threat.} Kg6 53. Bxc5 {[%emt 0:01:12][%cal Od3e4] Ke4! would kill now.} Nxc5+ 54. Kc4 {[%emt 0:00:15] Intending Kd5 and mate.} Ne4 55. Rf4 Nc5 56. Kd5 Kg5 57. Rf1 {[%emt 0:00:12] Weighted Error Value: White=0.09 (flawless) /Black=0.41.  Mistake:       	---       	Black=2      Inaccurate:     	White=2     	Black=4      OK:         	White=22    	Black=11     Best:        	White=1     	Black=1      Strong:       	White=1     	---} 1-0